 Dungeon Crawl Stone Soup version 0.24-a0-235-g3f03afc (webtiles) character file.

Game seed: 17308613704711769978

100 Gorice the Gusty (level 4, -1/38 HPs)
             Began as a Gnoll Wanderer on Apr 6, 2019.
             Was a Follower of Kikubaaqudgha.
             Killed themself with a badly aimed fireball (9 damage)
             ... on level 3 of the Dungeon.
             The game lasted 00:07:15 (1700 turns).

Gorice the Gusty (Gnoll Wanderer)                   Turns: 1700, Time: 00:07:16

Health: -1/38      AC:  9    Str: 16    XL:     4   Next: 73%
Magic:  8/8        EV:  7    Int: 15    God:    Kikubaaqudgha [*.....]
Gold:   146        SH:  0    Dex: 13    Spells: 9/9 levels left

rFire    . . .     SeeInvis .   b - +2 blowgun
rCold    + . .     Gourm    .   (no shield)
rNeg     . . .     Faith    .   o - +0 chain mail
rPois    .         Spirit   .   (no helmet)
rElec    .         Reflect  .   (no cloak)
rCorr    .         Harm     .   (no gloves)
MR       .....                  (no boots)
Stlth    ..........             (no amulet)
HPRegen  0.12/turn              F - ring of flight
MPRegen  0.11/turn              c - ring of protection from cold

@: no status effects
A: distributed training, fangs 1, strong nose
a: Receive Corpses, Renounce Religion, Evoke Flight


You were on level 3 of the Dungeon.
You worshipped Kikubaaqudgha.
Kikubaaqudgha was aware of your devotion.
You were not hungry.

You visited 1 branch of the dungeon, and saw 3 of its levels.

You collected 146 gold pieces.

Inventory:

Hand Weapons
 a - a +0 spear
 b - a +2 blowgun (weapon)
Missiles
 k - 52 sling bullets
 Y - 33 stones (quivered)
Armour
 e - a +0 robe
 n - a +0 scale mail
 o - a +0 chain mail (worn)
Jewellery
 c - a ring of protection from cold (right hand)
 F - a ring of flight (left hand)
Wands
 d - a wand of random effects (8)
Scrolls
 l - a scroll of fog
Potions
 g - a potion of might {!q}
 m - a potion of degeneration {unknown}
 p - a potion of ambrosia {unknown}
 q - a potion of invisibility {unknown}
Comestibles
 f - 11 rations


   Skills:
 + Level 4.6 Fighting
 + Level 1.2 Short Blades
 + Level 1.2 Long Blades
 + Level 1.2 Axes
 + Level 1.2 Maces & Flails
 + Level 1.2 Polearms
 + Level 1.2 Staves
 + Level 1.2 Slings
 + Level 1.2 Bows
 + Level 1.2 Crossbows
 + Level 2.8 Throwing
 + Level 2.8 Armour
 + Level 1.2 Dodging
 + Level 1.2 Stealth
 + Level 1.2 Shields
 + Level 1.2 Unarmed Combat
 + Level 3.0 Spellcasting
 + Level 1.0 Conjurations
 + Level 1.0 Hexes
 + Level 1.0 Charms
 + Level 1.0 Summonings
 + Level 1.0 Necromancy
 + Level 1.0 Translocations
 + Level 1.0 Transmutations
 + Level 1.0 Fire Magic
 + Level 1.0 Ice Magic
 + Level 7.1 Air Magic
 + Level 1.0 Earth Magic
 + Level 1.0 Poison Magic
 + Level 1.3 Invocations
 + Level 2.8 Evocations


You had 9 spell levels left.
You didn't know any spells.
Your spell library contained the following spells:

 Spells                   Type           Power        Failure   Level  Hunger
 Animate Skeleton         Necr           N/A          93%         1    #......
 Pain                     Necr           #...         93%         1    #......
 Sublimation of Blood     Necr           #.........   98%         2    ##.....
 Regeneration             Chrm/Necr      #.........   100%        3    ###....


Dungeon Overview and Level Annotations

Branches:
Dungeon (3/15)

Altars:
Gozag
Kikubaaqudgha

Annotations:
D:3 Grinder


Innate Abilities, Weirdness & Mutations

Your experience applies equally to all skills.
You have very sharp teeth.
Your uncanny sense of smell can sniff out nearby items.


Message History

Aiming: Random Effects
Press: ? - help, Shift-Dir - straight line, f/p - Grinder
Aim: Grinder (lightly wounded, fast, misshapen and mutated) Grinder twists and deforms.
Grinder blinks!
Evoke which item? (* to show all) (? for menu, Esc to quit)
Aiming: Random Effects
Press: ? - help, Shift-Dir - straight line, f/p - Grinder
Aim: Grinder (lightly wounded, fast, misshapen and mutated) Grinder twists and deforms.
Grinder hits you but does no damage.
Evoke which item? (* to show all) (? for menu, Esc to quit)
Aiming: Random Effects
Press: ? - help, Shift-Dir - straight line, f/p - Grinder
Aim: Grinder (lightly wounded, fast, misshapen and mutated)
The puff of flame hits Grinder!
Grinder is moderately wounded.
Grinder hits you but does no damage.
Evoke which item? (* to show all) (? for menu, Esc to quit)
Okay, then.
Grinder hits you but does no damage.
You see here a curare-tipped needle.
j - a curare-tipped needle Grinder gestures at you.
You resist with significant effort.
Firing (i - inventory. (/) - cycle)
j - a curare-tipped needle (quivered)
Press: ? - help, Shift-Dir - straight line, f/p - Grinder
Aim: Grinder (moderately wounded, fast, misshapen and mutated)
You shoot a curare-tipped needle.
The curare-tipped needle closely misses Grinder.
Grinder blinks!
Evoke which item? (* to show all) (? for menu, Esc to quit)
Aiming: Random Effects
Press: ? - help, Shift-Dir - straight line, f/p - Grinder
Aim: Grinder (moderately wounded, fast, misshapen and mutated)
The puff of flame misses Grinder.
Grinder gestures at you. You resist with significant effort.
Evoke which item? (* to show all) (? for menu, Esc to quit)
Aiming: Random Effects
Press: ? - help, Shift-Dir - straight line, f/p - Grinder
Aim: Grinder (moderately wounded, fast, misshapen and mutated) Nothing appears to happen.
Evoke which item? (* to show all) (? for menu, Esc to quit)
Aiming: Random Effects
Press: ? - help, Shift-Dir - straight line, f/p - Grinder
Aim: Grinder (moderately wounded, fast, misshapen and mutated)
The fireball explodes!
The fireball engulfs Grinder!
Grinder is severely wounded.
The fireball engulfs you!
You die...
Kikubaaqudgha rasps: "You have failed me!
Welcome... death!"

.# .# #.#
########.# ∆
###........##
.....>......##
#....!.......#
#.....5@§..#.###
#..........#.#<#
#...#.####.#.#.###
##+ #............#
....###.#.#.####
.. #.#.#....# ..
#.#.##...# ...∆
#.#.##...#
#.#.##...#


You could see Grinder.

Vanquished Creatures
  Jessica (D:2)
  2 adders (D:2)
  A worm (D:2)
  2 dart slugs (D:1)
  2 leopard geckos
  A giant cockroach (D:2)
  6 goblins
  12 hobgoblins
  5 kobolds
  A quokka (D:1)
  5 bats
  2 frilled lizards
  5 rats
45 creatures vanquished.

Notes
Turn   | Place    | Note
-------+----------+-------------------------------------------
     0 | D:1      | Gorice the Gnoll Wanderer began the quest for the Orb.
     0 | D:1      | Gorice set off with the following items: a +2 blowgun, 2
                  | curare-tipped needles, a +0 spear, a wand of random effects
                  | (15), a +0 robe, a ration
     0 | D:1      | Reached XP level 1. HP: 20/20 MP: 4/4
    95 | D:1      | Reached XP level 2. HP: 15/26 MP: 5/5
   543 | D:1      | Reached XP level 3. HP: 24/31 MP: 7/7
   710 | D:2      | Noticed Jessica
   712 | D:2      | Killed Jessica
   712 | D:2      | Reached skill level 1 in Invocations
   715 | D:2      | Reached skill level 1 in Short Blades
   715 | D:2      | Reached skill level 1 in Long Blades
   715 | D:2      | Reached skill level 1 in Axes
   715 | D:2      | Reached skill level 1 in Maces & Flails
   715 | D:2      | Reached skill level 1 in Polearms
   715 | D:2      | Reached skill level 1 in Staves
   715 | D:2      | Reached skill level 1 in Slings
   715 | D:2      | Reached skill level 1 in Bows
   715 | D:2      | Reached skill level 1 in Crossbows
   715 | D:2      | Reached skill level 1 in Dodging
   715 | D:2      | Reached skill level 1 in Stealth
   715 | D:2      | Reached skill level 1 in Shields
   715 | D:2      | Reached skill level 1 in Unarmed Combat
   727 | D:2      | Reached XP level 4. HP: 35/38 MP: 8/8
  1045 | D:2      | Reached skill level 3 in Spellcasting
  1136 | D:2      | Found an opulent altar of Gozag.
  1318 | D:2      | Found a faded altar of an unknown god.
  1420 | D:2      | Became a worshipper of Kikubaaqudgha
  1420 | D:2      | Reached * piety under Kikubaaqudgha
  1420 | D:2      | Identified Kikubaaqudgha's Papyrus of Black Secrets
                  | (Kikubaaqudgha gifted it to you on level 2 of the Dungeon)
  1420 | D:2      | Received a gift from Kikubaaqudgha
  1459 | D:2      | Reached skill level 1 in Conjurations
  1459 | D:2      | Reached skill level 1 in Hexes
  1459 | D:2      | Reached skill level 1 in Charms
  1459 | D:2      | Reached skill level 1 in Summonings
  1459 | D:2      | Reached skill level 1 in Necromancy
  1459 | D:2      | Reached skill level 1 in Translocations
  1459 | D:2      | Reached skill level 1 in Transmutations
  1459 | D:2      | Reached skill level 1 in Fire Magic
  1459 | D:2      | Reached skill level 1 in Ice Magic
  1459 | D:2      | Reached skill level 1 in Earth Magic
  1459 | D:2      | Reached skill level 1 in Poison Magic
  1671 | D:3      | Noticed Grinder
  1673 | D:3      | Paralysed by Grinder for 6 turns
  1679 | D:3      | HP: 8/38 [Grinder/nerve-wracking pain (7)]
  1683 | D:3      | Paralysed by Grinder for 6 turns
  1688 | D:3      | HP: 11/38 [Grinder (3)]
  1700 | D:3      | Killed themself with a badly aimed fireball

Levels and vault maps discovered:
D:1:      matt_arrival_refuge, layout_rooms
D:2:      layout_rooms, first_ration, chequers_ecumenical_altar_twisty,
          minivault_19, minmay_misc_feat_cross,
          nicolae_gozag_cash_rules_everything_around_me, uniq_jessica
D:3:      layout_basic, elyvilon_altar_5, chequers_hall_statues_y, uniq_grinder

Skill      XL: |  1  2  3  4 |
---------------+-------------+-----
Invocations    | 1 |  1.3
Short Blades   | 1 |  1.2
Long Blades    | 1 |  1.2
Axes           | 1 |  1.2
Maces & Flails | 1 |  1.2
Polearms       | 1 |  1.2
Staves         | 1 |  1.2
Slings         | 1 |  1.2
Bows           | 1 |  1.2
Crossbows      | 1 |  1.2
Dodging        | 1 |  1.2
Stealth        | 1 |  1.2
Shields        | 1 |  1.2
Unarmed Combat | 1 |  1.2
Spellcasting   | 3 |  3.0
Conjurations   | 1 |  1.0
Hexes          | 1 |  1.0
Charms         | 1 |  1.0
Summonings     | 1 |  1.0
Necromancy     | 1 |  1.0
Translocations | 1 |  1.0
Transmutations | 1 |  1.0
Fire Magic     | 1 |  1.0
Ice Magic      | 1 |  1.0
Earth Magic    | 1 |  1.0
Poison Magic   | 1 |  1.0
Fighting       | |  4.6
Throwing       | |  2.8
Armour         | |  2.8
Air Magic      | |  7.1
Evocations     | |  2.8

Action                   |  1- 3 |  4- 6 || total
-------------------------+-------+-------++-------
Melee: Spear             |    75 |   101 ||   176
       Bite              |     8 |     7 ||    15
 Fire: Blowgun           |       |     3 ||     3
Evoke: Wand              |       |     7 ||     7
  Use: Scroll            |     4 |     1 ||     5
       Potion            |       |     1 ||     1
 Stab: Sleeping          |     2 |       ||     2
  Eat: Chunk             |       |     3 ||     3
Armor: Robe              |     2 |       ||     2
       Scale mail        |    28 |    33 ||    61
       Chain mail        |       |    15 ||    15
Dodge: Dodged            |    47 |    36 ||    83

Table legend:
 A = Non-vault XP
 B = Vault XP
 C = Vault XP percentage of total XP
 D = Non-vault monster count
 E = Vault monster count
 F = Vault count percentage of total count
                 A         B        C        D         E       F
            +---------+---------+-------+---------+---------+-------
      Total |     106 |      37 |  25.9 |      44 |       1 |   2.2
            +---------+---------+-------+---------+---------+-------
        D:1 |      40 |       0 |   0.0 |      21 |       0 |   0.0
        D:2 |      66 |      37 |  35.9 |      23 |       1 |   4.2
            +---------+---------+-------+---------+---------+-------

Table legend:
 A = Turns spent in this place as a percentage of turns spent in the entire game.
 B = Non-inter-level travel turns spent in this place as a percentage of non-inter-level travel turns spent in the entire game.
 C = Inter-level travel turns spent in this place as a percentage of turns spent in this place.
 D = Turns resting spent in this place as a percentage of non-inter-level travel turns spent in this place.
 E = Turns spent auto-exploring this place as a percentage of non-inter-level travel turns spent in this place.
 F = Non-inter-level travel turns spent in this place divided by the number of levels of this place that you've seen.
                   A       B       C       D       E      F
               +-------+-------+-------+-------+-------+----------------------
         Total | 100.0 | 100.0 |   3.0 |  19.5 |  40.9 | 549.7
       Dungeon | 100.0 | 100.0 |   3.0 |  19.5 |  40.9 | 549.7
               +-------+-------+-------+-------+-------+----------------------

Levels and vault maps discovered:
D:1:      matt_arrival_refuge, layout_rooms
D:2:      layout_rooms, first_ration, chequers_ecumenical_altar_twisty,
          minivault_19, minmay_misc_feat_cross,
          nicolae_gozag_cash_rules_everything_around_me, uniq_jessica
D:3:      layout_basic, elyvilon_altar_5, chequers_hall_statues_y, uniq_grinder
